 Dungeon Crawl Stone Soup version 0.25.1-2-g60ff931df9 (console) character file.

Game seed: 865726830731672685

751 wutend the Covered (level 7, -1/63 HPs)
             Began as a Minotaur Fighter on Sept 21, 2020.
             Was an Initiate of the Shining One.
             Slain by an ogre
             ... wielding a cursed -3 giant club
              (16 damage)
             ... on level 3 of the Dungeon on Sept 22, 2020.
             The game lasted 00:20:03 (3026 turns).

wutend the Covered (Minotaur Fighter)               Turns: 3026, Time: 00:20:04

Health: -1/63      AC: 12    Str: 21    XL:     7   Next: 49%
Magic:  6/6        EV:  4    Int:  5    God:    the Shining One [......]
Gold:   129        SH: 10    Dex: 11    Spells: 6/6 levels left

rFire    . . .     SeeInvis .   a - +0 war axe
rCold    . . .     Gourm    .   c - +0 kite shield
rNeg     . . .     Faith    .   e - +0 plate armour
rPois    .         Spirit   .   (helmet restricted)
rElec    .         Reflect  .   o - scarf {harm}
rCorr    .         Harm     +   (no gloves)
MR       .....                  (no boots)
Stlth    ..........             (no amulet)
HPRegen  0.20/turn              (no ring)
MPRegen  0.10/turn              (no ring)

@: glowing
A: retaliatory headbutt, horns 2
a: Renounce Religion


You were on level 3 of the Dungeon.
You worshipped the Shining One.
The Shining One was noncommittal.
You were not hungry.

You visited 1 branch of the dungeon, and saw 3 of its levels.

You collected 129 gold pieces.

Inventory:

Hand Weapons
 a - a +0 war axe (weapon)
Armour
 c - a +0 kite shield (worn)
 e - a +0 plate armour (worn)
 o - a scarf of harm (worn)
Wands
 s - a wand of random effects (14)
Scrolls
 l - 2 scrolls of teleportation {unknown}
 p - a scroll of immolation {unknown}
 q - a scroll of enchant armour {unknown}
 r - a scroll of magic mapping {unknown}
 t - 2 scrolls of enchant weapon {unknown}
 v - a scroll of fear {unknown}
Potions
 d - a potion of might
 i - 3 potions of cancellation
 k - a potion of invisibility {unknown}
 m - 2 potions of ambrosia {unknown}
 n - a potion of resistance {unknown}
 u - 2 potions of curing {unknown}
Comestibles
 f - 7 rations


   Skills:
 + Level 6.1 Fighting
 + Level 5.5 Axes
 + Level 6.2 Armour
 + Level 6.1 Shields


You had 6 spell levels left.
You didn't know any spells.
Your spell library was empty.

Dungeon Overview and Level Annotations

Branches:
Dungeon (3/15)

Altars:
Kikubaaqudgha
Nemelex Xobeh
Vehumet
The Shining One


Innate Abilities, Weirdness & Mutations

You reflexively headbutt those who attack you in melee.
You have a pair of horns on your head.


Message History

A gnoll shaman comes into view. It is wielding a +0 flail.
A gnoll shaman comes into view. It is wielding a +0 club.
You block the gnoll's attack.
There is an open door here.
You feel sick.
You hit the ogre.
The ogre is moderately wounded.
You block the ogre's attack.
You hit the ogre.
The ogre is moderately wounded.
You block the ogre's attack.
You hit the ogre.
The ogre is heavily wounded.
You feel sick.
You are no longer poisoned.
The ogre barely misses you.
You hit the ogre.
The ogre is severely wounded.
The ogre hits you with a cursed -3 giant club!
You die...

#################################
..............†P................#
.............P.............P....#
≈≈≈≈≈h≈≈≈≈≈≈≈≈≈≈≈≈≈≈≈≈≈≈≈≈≈≈....#
≈≈≈≈≈≈≈≈≈≈≈≈≈≈≈≈≈≈≈≈≈≈≈≈≈≈≈≈....#
≈≈≈≈≈≈≈≈≈≈≈≈≈≈≈≈≈≈≈≈≈#####≈≈....#
.....................#...#≈≈....#
######################...#≈≈P...#
#.....ggO@....#'###≈≈....#
######g###)...#.#.≈≈≈....# ...
#....#.#.≈≈≈..P.# ..g..
##)###)#.≈≈≈....# .......
#...)).#.≈≈≈....# .......
#......#.≈≈≈....#
######################.#.≈≈≈....#
....#....#...........#)#.≈≈≈....#
....'....')....)....)'.#.≈≈≈....#


You could see an ogre, a gnoll shaman and 2 gnolls.

Vanquished Creatures
  Sigmund (D:2)
  2 gnoll shamans (D:3)
  Jessica (D:2)
  Natasha (twice) (D:2)
  29 gnolls (D:3)
  5 adders
  An ooze (D:3)
  2 worms
  2 leopard geckos (D:3)
  3 orcs (D:3)
  2 ball pythons (D:3)
  3 giant cockroaches
  15 goblins
  9 hobgoblins
  28 jackals
  2 quokkas
  8 bats
  7 frilled lizards
  5 kobolds
  8 rats
135 creatures vanquished.

Notes
Turn   | Place    | Note
-------+----------+-------------------------------------------
     0 | D:1      | wutend the Minotaur Fighter began the quest for the Orb.
     0 | D:1      | Reached XP level 1. HP: 19/19 MP: 0/0
   363 | D:1      | Reached XP level 2. HP: 27/27 MP: 1/1
   667 | D:1      | Reached XP level 3. HP: 31/33 MP: 2/2
  1120 | D:2      | Noticed Sigmund
  1133 | D:2      | Killed Sigmund
  1133 | D:2      | Reached skill level 5 in Armour
  1133 | D:2      | Reached skill level 5 in Shields
  1133 | D:2      | Reached XP level 4. HP: 34/41 MP: 3/3
  1133 | D:2      | Reached XP level 5. HP: 39/47 MP: 4/4
  1218 | D:2      | Reached skill level 5 in Fighting
  1336 | D:2      | Found a radiant altar of Vehumet.
  1411 | D:2      | Noticed Natasha
  1416 | D:2      | Killed Natasha
  1418 | D:2      | Found a sparkling altar of Nemelex Xobeh.
  1447 | D:2      | Reached XP level 6. HP: 56/56 MP: 5/5
  1497 | D:2      | Noticed Jessica
  1501 | D:2      | Killed Jessica
  1767 | D:2      | Noticed Natasha
  1771 | D:2      | Killed Natasha
  2566 | D:3      | Found a glowing golden altar of the Shining One.
  2567 | D:3      | Found an ancient bone altar of Kikubaaqudgha.
  2574 | D:3      | Became a worshipper of the Shining One
  2718 | D:3      | Reached skill level 5 in Axes
  2718 | D:3      | Reached XP level 7. HP: 51/62 MP: 6/6
  3026 | D:3      | Slain by an ogre

Illustrated notes

Levels and vault maps discovered:
D:1:      lemuel_arrival_tunnels, layout_basic
D:2:      layout_rooms, vehumet_crystals, first_ration, nemelex_altar_shiori,
          uniq_jessica, uniq_sigmund, uniq_natasha
D:3:      lemuel_castle_with_subvaults [lemuel_castle_interior_carwin_1],
          layout_loops_ring, gammafunk_temple_overflow_statue

Skill      XL: |  1  2  3  4  5  6  7 |
---------------+----------------------+-----
Shields        | 4 5 6 |  6.1
Armour         | 4 5 6 |  6.2
Fighting       | 4 5 6 |  6.1
Axes           | 4 5 |  5.5

Action                   |  1- 3 |  4- 6 |  7- 9 || total
-------------------------+-------+-------+-------++-------
Melee: War axe           |    86 |   138 |    56 ||   280
       Headbutt          |     7 |    25 |    10 ||    42
  Use: Scroll            |       |     1 |     2 ||     3
  Eat: Chunk             |     1 |     5 |     1 ||     7
Armor: Scale mail        |    45 |    15 |       ||    60
       Plate armour      |       |    52 |    16 ||    68
Dodge: Dodged            |    36 |    37 |     7 ||    80
Block: Kite shield       |    62 |    81 |    31 ||   174
